 Dungeon Crawl Stone Soup version 0.14-a0-629-g748cab2 (webtiles) character file.

3700 PolkaDot the Infuser (level 9, -23/55 HPs)
             Began as a Vampire Wizard on Nov 5, 2013.
             Was a High Priest of Sif Muna.
             Killed by an indirect mummy death curse (31 damage)
             ... in an ossuary.
             The game lasted 00:49:46 (7649 turns).

PolkaDot the Infuser (Vampire Wizard)               Turns: 7649, Time: 00:49:46

HP -23/55        AC  3     Str  7      XL: 9   Next: 80%
MP  17/21        EV 12     Int 23      God: Sif Muna [*****.]
Gold 201         SH  0     Dex 12      Spells:  6 memorised,  3 levels left

Res.Fire  : . . .   See Invis. : +   r - +2,+0 spear (venom)
Res.Cold  : . . .   Warding    : .   a - +0 robe
Life Prot.: . . .   Conserve   : .   (no shield)
Res.Poison: .       Res.Corr.  : .   b - +0 wizard hat
Res.Elec. : .       Clarity    : .   (no cloak)
Sust.Abil.: . .     Spirit.Shd : .   i - +0 pair of gloves
Res.Mut.  : .       Stasis     : .   (no boots)
Res.Rott. : .       Flight     : .   (no amulet)
Saprovore : . . .                    n - +1 ring of strength
                                     y - ring of protection from magic {unknown}

@: regenerating quickly, quite resistant to hostile enchantments, stealthy
A: bottle blood, fangs 3, see invisible, unbreathing
a: Bottle Blood, Channel Energy, Forget Spell, Renounce Religion


You were in an ossuary.
You worshipped Sif Muna.
Sif Muna was extremely pleased with you.
You were full.

You visited 1 branch of the dungeon, and saw 8 of its levels.
You also visited: Ossuary.

You collected 282 gold pieces.
You spent 81 gold pieces at shops.

Inventory:

Hand weapons
 r - a +2,+0 spear of venom (weapon)
 s - a +2,+2 long sword of slicing
Armour
 a - a +0 robe (worn)
 b - a +0 wizard hat (worn)
 i - a +0 pair of gloves (worn)
Magical devices
 t - a wand of hasting (3)
 v - a wand of magic darts (11)
 C - a wand of random effects (16) {unknown}
 D - a wand of disintegration (7) {unknown}
 I - a wand of magic darts (5)
 M - a wand of magic darts (15)
 N - a wand of draining (5) {unknown}
Scrolls
 e - a scroll of fog
 g - 12 scrolls of remove curse
 j - a scroll of noise {unknown}
 l - 3 scrolls of teleportation
 m - a scroll of recharging {unknown}
 u - 2 scrolls of blinking
 z - a scroll of silence {unknown}
 A - a scroll of enchant armour {unknown}
 B - a scroll of random uselessness {unknown}
 E - a scroll of curse armour {unknown}
 G - 2 scrolls of enchant weapon I {unknown}
 J - a scroll of curse jewellery {unknown}
 L - a scroll of identify
Jewellery
 d - an uncursed ring of invisibility
 k - an uncursed ring of ice
 n - a +1 ring of strength (right hand)
 y - a ring of protection from magic (left hand) {unknown}
Potions
 f - 3 potions of restore abilities
 o - a potion of agility
 p - a potion of berserk rage {unknown}
 q - 2 potions of speed
 w - a potion of mutation
 x - 2 potions of brilliance
 K - a potion of paralysis {unknown}
 O - a potion of degeneration {unknown}
 P - a potion of curing
 Q - a potion of flight {unknown}
Books
 c - a book of Minor Magic

   Spells                             Type                      Level
   *Magic Dart                        Conjuration                  1
   *Blink                             Translocation                2
   Call Imp                           Summoning                    2
   *Repel Missiles                    Charms/Air                   2
   *Slow                              Hexes                        2
   *Conjure Flame                     Conjuration/Fire             3
   *Mephitic Cloud                    Conjuration/Poison/Air       3
 h - Sif Muna's Catalogue of Benedictions
   (You found it on level 4 of the Dungeon)

   Spells                             Type                      Level
   Infusion                           Charms                       1
 F - a book of Spatial Translocations

   Spells                             Type                      Level
   Apportation                        Translocation                1
   Portal Projectile                  Translocation                2
   *Blink                             Translocation                2
   Shroud of Golubria                 Charms/Translocation         2
   Teleport Other                     Translocation                3
   Passage of Golubria                Translocation                4
 H - a book of Dreams

   Spells                             Type                      Level
   Ensorcelled Hibernation            Hexes/Ice                    2
   Flight                             Charms/Air                   3
   Phase Shift                        Translocation                5
   Shadow Creatures                   Summoning                    5
   Mass Confusion                     Hexes                        6
   Darkness                           Hexes                        7


   Skills:
 - Level 2.1 Dodging
 - Level 3.0 Stealth
 - Level 4.2 Spellcasting
 + Level 8.2 Conjurations
 * Level 9.3 Charms
   Level 1.0 Summonings
 - Level 0.7 Translocations


You had 3 spell levels left.
You knew the following spells:

 Your Spells              Type           Power        Failure   Level  Hunger
a - Magic Dart            Conj           ####         1%          1    None
d - Mephitic Cloud        Conj/Pois/Air  ###.....     12%         3    ###....
q - Blink                 Tloc           N/A          14%         2    None
s - Conjure Flame         Conj/Fire      ###.....     8%          3    ###....
w - Repel Missiles        Chrm/Air       ####......   2%          2    None
S - Slow                  Hex            #.......     17%         2    None


Dungeon Overview and Level Annotations

Branches:
Dungeon (8/27)             Temple (0/1) D:7             Orc (0/4) D:6
   Lair: D:8-13

Altars:
Ashenzari
Cheibriados
Elyvilon
Kikubaaqudgha
Makhleb
Sif Muna
Vehumet
Zin
the Shining One

Shops:
D:6 (   D:8 *+


Innate Abilities, Weirdness & Mutations

Your natural rate of healing is unusually fast.
You can bottle blood from corpses.
You have razor-sharp teeth.*
You have supernaturally acute eyesight.
You can survive without breathing.*


Message History

You barely miss the guardian mummy.
The guardian mummy is moderately damaged.
The guardian mummy is engulfed in roaring flames.
The guardian mummy hits you.
You hit the guardian mummy.
The guardian mummy is severely damaged.
The guardian mummy is engulfed in roaring flames.
The guardian mummy hits you!
* * * LOW HITPOINT WARNING * * *
Casting: Conjure Flame
Confirm with . or Enter, or press ? or * to list all spells.
Aiming: Magic Dart
Press: ? - help, Shift-Dir - straight line, f - guardian mummy
Aim: a guardian mummy (flame, almost destroyed)
The magic dart hits the guardian mummy.
You destroy the guardian mummy!
You feel extremely nervous for a moment...
You convulse helplessly as pain tears through your body!
Ouch! That really hurt!
You die...

#.###.....###.#
#.# #.....#z#.#
#.###.?...###.#
#.............#
#.............#
#.###.###.###.#
#.#.#.# #.#.#.#
#.'##.###.##'.#
#...ยง@........#
###############


There were no monsters in sight!

Vanquished Creatures
  Joseph (D:7)
  A guardian mummy (Ossuary)
  A hippogriff (D:8)
  Grum (D:8)
  2 wolves (D:8)
  Edmund (D:5)
  A sky beast (D:8)
  4 ogres
  2 centaurs (D:6)
  Duvessa (D:7)
  7 giant frogs
  5 killer bees (D:8)
  6 crimson imps
  A goliath beetle (D:6)
  Dowan (D:7)
  A jelly (D:7)
  An orc priest (D:8)
  A centaur skeleton (D:6)
  An iguana (D:8)
  A hound (D:5)
  4 scorpions
  5 orc wizards
  4 worker ants
  A sky beast zombie (D:7)
  A hound skeleton (D:7)
  4 gnolls (D:5)
  5 adders
  A giant centipede (D:5)
  An inept feature mimic (D:2)
  A giant mite (D:2)
  An inept item mimic (D:8)
  4 worms
  3 adder zombies (Ossuary)
  2 giant eyeballs
  3 giant geckos
  27 orcs
  A ball python (D:1)
  4 giant cockroaches
  9 hobgoblins
  5 jackals
  12 kobolds
  2 ball python skeletons (Ossuary)
  9 bats
  6 giant newts
  12 goblins
  A hobgoblin skeleton (Ossuary)
  A kobold skeleton (D:5)
  A kobold zombie (Ossuary)
  2 orc skeletons
  An orc zombie (Ossuary)
  2 quokkas
  A quokka zombie (D:5)
  14 rats
  A rat skeleton (D:4)
191 creatures vanquished.

Notes
Turn   | Place    | Note
--------------------------------------------------------------
     0 | D:1      | PolkaDot, the Vampire Wizard, began the quest for the Orb.
     0 | D:1      | Reached XP level 1. HP: 11/11 MP: 6/6
   152 | D:1      | Reached skill level 1 in Conjurations
   621 | D:1      | Reached XP level 2. HP: 17/17 MP: 5/8
  1430 | D:2      | Reached XP level 3. HP: 19/22 MP: 6/10
  1868 | D:2      | Found a white marble altar of Elyvilon.
  1868 | D:2      | Found a snail-covered altar of Cheibriados.
  2220 | D:2      | Reached XP level 4. HP: 22/28 MP: 2/12
  2528 | D:3      | Learned a level 3 spell: Conjure Flame
  2532 | D:3      | Learned a level 3 spell: Mephitic Cloud
  2874 | D:4      | Noticed an ogre
  2938 | D:4      | Killed an ogre
  2938 | D:4      | Reached XP level 5. HP: 33/33 MP: 3/14
  2953 | D:4      | Learned a level 2 spell: Blink
  2956 | D:4      | Learned a level 2 spell: Repel Missiles
  2960 | D:4      | Noticed an ogre
  3195 | D:4      | Found a deep blue altar of Sif Muna.
  3205 | D:4      | Became a worshipper of Sif Muna the Loreminder
  3211 | D:4      | Reached skill level 4 in Spellcasting
  3211 | D:4      | Reached XP level 6. HP: 39/39 MP: 12/17
  3220 | D:4      | Identified Sif Muna's Catalogue of Benedictions
  3332 | D:4      | Killed an ogre
  3400 | D:4      | Learned a level 2 spell: Slow
  3585 | D:4      | Paralysed by a giant eyeball for 4 turns
  4004 | D:5      | Entered Level 5 of the Dungeon
  4106 | D:5      | Reached skill level 5 in Conjurations
  4235 | D:5      | Acquired Sif Muna's first power
  4235 | D:5      | Reached XP level 7. HP: 44/44 MP: 14/18
  4469 | D:5      | Found a burning altar of Makhleb.
  4509 | D:5      | Noticed Edmund
  4519 | D:5      | HP: 2/44 [Edmund/runed flail (8)]
  4521 | D:5      | Killed Edmund
  4521 | D:5      | Reached skill level 6 in Conjurations
  4554 | D:5      | Found a glowing silver altar of Zin.
  4556 | D:5      | Found a radiant altar of Vehumet.
  4557 | D:5      | Found an ancient bone altar of Kikubaaqudgha.
  4557 | D:5      | Found a deep blue altar of Sif Muna.
  4557 | D:5      | Found a burning altar of Makhleb.
  4557 | D:5      | Found a shattered altar of Ashenzari.
  4558 | D:5      | Found a glowing golden altar of the Shining One.
  4854 | D:6      | Acquired Sif Muna's second power
  4854 | D:6      | Reached XP level 8. HP: 21/50 MP: 15/20
  4939 | D:6      | Found a staircase to the Orcish Mines.
  5015 | D:6      | Found Clurof's Weapon Emporium.
  5052 | D:6      | Reached skill level 1 in Charms
  5607 | D:6      | Reached skill level 7 in Conjurations
  5850 | D:7      | Noticed Joseph
  5865 | D:7      | Killed Joseph
  5865 | D:7      | Reached XP level 9. HP: 31/55 MP: 10/21
  5891 | D:7      | Noticed Duvessa
  5893 | D:7      | Noticed Dowan
  6081 | D:7      | Killed Duvessa
  6098 | D:7      | Killed Dowan
  6239 | D:7      | Found a staircase to the Ecumenical Temple.
  6616 | D:7      | Acquired Sif Muna's third power
  6821 | D:8      | Found Goanal's Assorted Antiques.
  6828 | D:8      | Bought a metallic brown potion for 25 gold pieces
  6828 | D:8      | Bought a scroll labeled PIMMOL MEXEFIC for 28 gold pieces
  6828 | D:8      | Bought a scroll labeled SMUPSUA ZIOCK for 28 gold pieces
  7039 | D:8      | Found Icudet's Book Shoppe.
  7143 | D:8      | Reached skill level 8 in Charms
  7208 | D:8      | Noticed Grum
  7218 | D:8      | Killed Grum
  7350 | D:8      | Found a sand-covered staircase.
  7362 | D:8      | Reached skill level 9 in Charms
  7377 | Ossuary  | Entered an ossuary
  7649 | Ossuary  | Killed by an indirect mummy death curse

Action                   |  1- 3 |  4- 6 |  7- 9 || total
-------------------------+-------+-------+-------++-------
Melee: Unarmed           |     9 |       |       ||     9
       Short sword       |    41 |    76 |       ||   117
       Dagger            |     4 |       |       ||     4
       Spear             |       |     4 |   321 ||   325
 Cast: Magic Dart        |    89 |   107 |   156 ||   352
       Conjure Flame     |       |     7 |    31 ||    38
       Mephitic Cloud    |       |     2 |    21 ||    23
       Blink             |       |     2 |     3 ||     5
       Repel Missiles    |       |       |     2 ||     2
Invok: Channel Energy    |       |       |    17 ||    17
 Abil: Bottle Blood      |       |       |     2 ||     2
Evoke: Wand              |       |       |     2 ||     2
  Use: Scroll            |       |     9 |     8 ||    17
       Potion            |       |     1 |     5 ||     6
 Stab: Sleeping          |     2 |     3 |    17 ||    22
       Distracted        |       |     1 |       ||     1
       Confused          |       |       |    12 ||    12
